 Dungeon Crawl Stone Soup version 0.28.0-53-g5a82cb258f (webtiles) character file.

Game seed: 9977647510822582102

74 Sin92 the Skirmisher (level 4, -3/35 HPs)
             Began as a Demonspawn Fighter on Aug 7, 2022.
             Engulfed by a steam dragon's steam (19 damage)
             ... on level 3 of the Dungeon on Aug 8, 2022.
             The game lasted 00:06:40 (2035 turns).

Sin92 the Skirmisher (Demonspawn Fighter)           Turns: 2035, Time: 00:06:41

Health: -3/35      AC:  9    Str: 19    XL:     4   Next: 9%
Magic:  4/4        EV:  9    Int:  9    God:
Gold:   89         SH:  4    Dex: 12    Spells: 3/3 levels left

rFire   . . .      SeeInvis .   a - +0 war axe
rCold   . . .      Faith    .   c - +0 buckler
rNeg    . . .      Spirit   .   b - +0 scale mail
rPois   .          Reflect  .   e - +2 hat
rElec   .          Harm     .   l - +0 cloak
rCorr   .          Rampage  .   (no gloves)
Will    .....                   (no boots)
Stlth   ..........              (no amulet)
HPRegen 0.11/turn               (no ring)
MPRegen 0.09/turn               (no ring)

@: no status effects
A: claws 1, spiny 1
a: no special abilities


You were on level 3 of the Dungeon.
You visited 1 branch of the dungeon, and saw 3 of its levels.

You collected 89 gold pieces.

Inventory:

Hand Weapons
 a - a +0 war axe (weapon)
Armour
 b - a +0 scale mail (worn)
 c - a +0 buckler (worn)
 e - a +2 hat (worn)
 l - a +0 cloak (worn)
Jewellery
 g - a ring of fire
Scrolls
 h - 2 scrolls of blinking {unknown}
Potions
 d - 2 potions of might
 f - 2 potions of lignification {unknown}
 i - a potion of resistance {unknown}


   Skills:
 + Level 3.4 Fighting
 * Level 2.8 Axes
 + Level 3.1 Armour
 + Level 3.1 Shields


You had 3 spell levels left.
You didn't know any spells.
Your spell library contained the following spells:

 Spells                   Type           Power      Damage    Failure   Level
 Foxfire                  Conj/Fire      0%         2x1d4     85%         1
 Conjure Flame            Conj/Fire      0%         6-21      99%         3
 Inner Flame              Hex/Fire       0%         N/A       99%         3
 Airstrike                Air            0%         N/A       100%        4
 Flame Wave               Conj/Fire      0%         2d4       100%        4
 Summon Lightning Spire   Summ/Air       0%         N/A       100%        4
 Lightning Bolt           Conj/Air       0%         1d11      100%        5


Dungeon Overview and Level Annotations

Branches:
Dungeon (3/15)

Altars:
Hepliaklqana


Innate Abilities, Weirdness & Mutations

You have sharp fingernails.
You are partially covered in sharp spines.


Message History

You kill the rat!
Unknown command.
You open the door.
There is an open door here.
Done exploring.
No target in view!
Unknown command.
Done exploring.
No target in view!
Unknown command.
Done exploring.
No target in view!
Unknown command.
Done exploring.
No target in view!
Unknown command.
Done exploring.
Done exploring.
There is an open door here.
There is a stone staircase leading down here.
You climb downwards.
There is a stone staircase leading up here.
Save game and exit?
Welcome back, Sin92 the Demonspawn Fighter.
Press ? for a list of commands and other information.
A steam dragon comes into view.
A steam dragon is nearby!
A steam dragon is nearby!
You hit the steam dragon but do no damage.
The steam dragon bites you. The steam dragon claws you.
You hit the steam dragon.
The steam dragon is lightly wounded.
The steam dragon barely misses you. You block the steam dragon's attack.
The steam dragon breathes steam at you. The ball of steam hits you!
You closely miss the steam dragon.
The steam dragon is lightly wounded.
You are engulfed in a cloud of scalding steam.
Ouch! That really hurt!
You die...

#.# #.#
#.# #<#
#.# ###
#.# #.#
#.#
#.#####
#....ยง#
#####@#
.......D#
#######..
#.## #..
#.# #.#
#.#


You could see a steam dragon (catching breath).

Vanquished Creatures
  2 adders (D:2)
  A worm (D:2)
  4 bats
  6 endoplasms
  3 giant cockroaches (D:1)
  4 goblins
  5 hobgoblins
  2 quokkas
  8 ball pythons
  3 frilled lizards (D:2)
  6 kobolds
  5 rats
49 creatures vanquished.

Notes
Turn   | Place    | Note
-------+----------+-------------------------------------------
     0 | D:1      | Sin92 the Demonspawn Fighter began the quest for the Orb.
     0 | D:1      | Reached XP level 1. HP: 18/18 MP: 1/1
   169 | D:1      | Gained mutation: You are partially covered in sharp spines.
                  | [demonic ancestry]
   169 | D:1      | Reached XP level 2. HP: 24/24 MP: 2/2
   801 | D:1      | Found a faded altar of an unknown god.
   945 | D:2      | Found a hazy altar of Hepliaklqana.
   958 | D:2      | Reached XP level 3. HP: 25/29 MP: 3/3
  1843 | D:2      | Gained mutation: You have sharp fingernails. [demonic
                  | ancestry]
  1843 | D:2      | Reached XP level 4. HP: 27/35 MP: 4/4
  2030 | D:3      | Noticed a steam dragon
  2035 | D:3      | Engulfed by a steam dragon's steam

Illustrated notes

Levels and vault maps discovered:
D:1:      dpeg_arrival_tiny_g, layout_basic,
          shapermc_ecumenical_altar_mp_vishouse
D:2:      minmay_spotlight, layout_basic, basic_altar, st_stairs_4,
          solitary_fountain
D:3:      layout_basic, nicolae_underground_beach, uniq_ijyb, uniq_grinder

Skill      XL: |  1  2  3 |
---------------+----------+-----
Axes           | 2 |  2.8
Armour         | 3 |  3.1
Shields        | 3 |  3.1
Fighting       | |  3.4

Action                   |  1- 3 |  4- 6 || total
-------------------------+-------+-------++-------
Melee: War axe           |    87 |     4 ||    91
  Use: Scroll            |     3 |       ||     3
Armor: Scale mail        |    38 |       ||    38
Dodge: Dodged            |    29 |     1 ||    30
Block: Buckler           |    23 |     1 ||    24
